 Dungeon Crawl Stone Soup version 0.29.1-15-g9cfb28693d (webtiles) character file.

Game seed: 1569152736792034188

896 Labrat the Trooper (level 8, -5/74 HPs)
             Began as a Meteoran Conjurer on Aug 25, 2023.
             Slain by ghwc's ghost (10 damage)
             ... on level 5 of the Dungeon.
             The game lasted 00:15:04 (1530 turns).

Labrat the Trooper (Meteoran Conjurer)              Turns: 1530, Time: 00:15:05

Health: -5/74      AC:  2    Str:  8    XL:     8   Next: 53%
Magic:  3/18       EV: 12    Int: 28    God:
Gold:   139        SH:  0    Dex: 13    Spells: 12/19 levels left

rFire   . . .      SeeInvis .   (no weapon)
rCold   . . .      Faith    .   (no shield)
rNeg    . . .      Spirit   .   a - +0 robe
rPois   .          Reflect  .   (no helmet)
rElec   .          Harm     .   (no cloak)
rCorr   .          Rampage  .   (no gloves)
Will    +....                   (no boots)
Stlth   +.........              (no amulet)
HPRegen 0.22/turn               i - +6 ring of intelligence
MPRegen 0.16/turn               (no ring)

@: lethally poisoned (-5 -> -8), glowing
A: sense surroundings 1, otherworldly, glowing, explore regen
a: no special abilities


You were on level 5 of the Dungeon.
You visited 1 branch of the dungeon, and saw 5 of its levels.

You collected 139 gold pieces.

Inventory:

Armour
 a - a +0 robe (worn)
 k - an orb of energy
Jewellery
 c - an amulet of the acrobat
 i - a +6 ring of intelligence (left hand)
Wands
 m - a wand of polymorph (4)
Scrolls
 d - a scroll of noise {unknown}
 e - 4 scrolls of enchant weapon {unknown}
 g - 2 scrolls of amnesia {unknown}
 h - 8 scrolls of identify {unknown}
 n - a scroll of immolation {unknown}
 o - 2 scrolls of butterflies {unknown}
 r - a scroll of teleportation {unknown}
Potions
 b - a potion of magic
 f - a potion of mutation {unknown}
 j - 2 potions of heal wounds {unknown}
 l - a potion of curing {unknown}
 p - a potion of attraction {unknown}
 q - a potion of flight {unknown}


   Skills:
 + Level 7.6 Fighting
 - Level 2.4 Dodging
 - Level 1.4 Stealth
 - Level 6.0 Spellcasting
 - Level 6.0 Conjurations


You had 12 spell levels left.
You knew the following spells:

 Your Spells              Type           Power      Damage    Failure   Level
a - Magic Dart            Conj           100%       1d8       1%          1
b - Searing Ray           Conj           84%        2d7       1%          2
c - Iskenderun's Mystic   Conj/Tloc      25%        2d7       17%         4

Your spell library contained the following spells:

 Spells                   Type           Power      Damage    Failure   Level
 Dazzling Flash           Conj/Hex       50%        N/A       5%          3
 Fulminant Prism          Conj/Hex       12%        3d9       17%         4


Dungeon Overview and Level Annotations

Branches:
Dungeon (5/15) Zot: 1467
 Temple: D:4-7

Altars:
Ashenzari
Kikubaaqudgha
Nemelex Xobeh
Sif Muna
Trog

Annotations:
D:5 1 transporter, ghwc's ghost, novice MfAK


Innate Abilities, Weirdness & Mutations

You passively map a small area around you.
You are easily found by Zot.
You glow in the dark.
You regain HP and MP as you explore.


Message History

The killer bee stings you. The killer bee stings you!
* * * LOW HITPOINT WARNING * * *
Casting: Searing Ray (safe; 1% risk of failure)
Confirm with . or Enter, or press ? or * to list all spells.
You erupt in a blast of force!
The mystic blast hits ghwc's ghost.
Ghwc's ghost is moderately damaged.
Ghwc's ghost is knocked back by the mystic blast.
The mystic blast hits the killer bee.
The killer bee is almost dead.
The killer bee is knocked back by the mystic blast.
The killer bee collides with ghwc's ghost!
Ghwc's ghost is moderately damaged.
You kill the killer bee!
The mystic blast hits the killer bee!
The killer bee is severely wounded.
The killer bee is knocked back by the mystic blast.
The killer bee slams into the rock wall!
You kill the killer bee!
The mystic blast hits the killer bee!
You kill the killer bee!
You feel sick.
Unknown command.
Casting: Iskenderun's Mystic Blast (dangerous; 17% risk of failure)
Confirm with . or Enter, or press ? or * to list all spells.
Aiming: Searing Ray (safe; 1% risk of failure)
Press: ? - help, Shift-Dir - straight line, f/p - ghwc's ghost
Aim: ghwc's ghost (moderately damaged, 77% to hit)
The searing ray misses ghwc's ghost. (Press . to maintain the ray.)
You feel sick.
Unknown command.
The searing ray hits ghwc's ghost.
Ghwc's ghost is heavily damaged.
You feel sick. Ghwc's ghost hits you.
* * * LOW HITPOINT WARNING * * *
The searing ray hits ghwc's ghost!
Ghwc's ghost is heavily damaged.
* * * LOW HITPOINT WARNING * * *
You feel sick. Ghwc's ghost hits you!
You die...

#)........ * #.# #.# #..#.#####
,* ##.# #.# # ......#
###.###..######.# # #####.###**
.......©........# # # ###... .
,.#############..## ###...### ..
##.!©($#####..#
##.....##..###,#.#..$#...###.#
##......... #..#W.###..#..##.#
...........# #..@#..y#...###.## #
.##...###...#####..#..#####...#..
.##.##.....###...#...#...###.†..#
..#.#*,###.*#..#..###..#..##.##.#
#.#.# .# * ###.#.#...#...###.# .#
*.#.##.# ..#####..©!!#####..##.#
.#.##.# ##..# ##########......#
.#.##.# ##. ...©.......######
#.##.### #** ###..######.#


You could see ghwc's ghost.

Vanquished Creatures
  Pikel (D:5)
  A black bear (D:5)
  A scorpion (D:5)
  4 killer bees (D:5)
  6 adders
  2 ufetubi
  3 dart slugs
  4 orcs
  2 endoplasms
  A giant cockroach (D:3)
  8 hobgoblins
  2 jackals (D:1)
  A kobold (D:2)
  3 quokkas
  4 ball pythons
  2 bats
  A frilled lizard (D:2)
  10 rats
56 creatures vanquished.

Vanquished Creatures (others)
  9 plants (D:2)
9 creatures vanquished.

Grand Total: 65 creatures vanquished

Notes
Turn   | Place    | Note
-------+----------+-------------------------------------------
     0 | D:1      | Labrat the Meteoran Conjurer began the quest for the Orb.
     0 | D:1      | Reached XP level 1. HP: 14/14 MP: 5/5
    65 | D:1      | Reached skill level 5 in Conjurations
    75 | D:1      | Reached XP level 2. HP: 10/20 MP: 0/7
   230 | D:2      | Learned a level 2 spell: Searing Ray
   261 | D:2      | Found a sparkling altar of Nemelex Xobeh.
   306 | D:1      | Reached XP level 3. HP: 26/26 MP: 4/8
   552 | D:3      | Found an ancient bone altar of Kikubaaqudgha.
   605 | D:2      | Reached XP level 4. HP: 22/33 MP: 5/10
   712 | D:2      | Found a faded altar of an unknown god.
   742 | D:3      | Found a shimmering blue altar of Sif Muna.
   746 | D:3      | Found a broken altar of Ashenzari.
   761 | D:3      | Found a bloodstained altar of Trog.
   822 | D:4      | Reached XP level 5. HP: 38/38 MP: 9/12
   942 | D:5      | Entered Level 5 of the Dungeon
   996 | D:5      | Noticed Pikel
   997 | D:5      | Noticed a lemure
   997 | D:5      | Noticed a lemure
   998 | D:5      | Noticed a lemure
  1001 | D:5      | Noticed a lemure
  1032 | D:5      | Killed Pikel
  1033 | D:5      | Reached skill level 5 in Fighting
  1033 | D:5      | Reached XP level 6. HP: 40/56 MP: 9/16
  1033 | D:5      | Reached XP level 7. HP: 43/61 MP: 9/17
  1081 | D:5      | Reached skill level 6 in Fighting
  1081 | D:5      | Reached XP level 8. HP: 69/70 MP: 11/18
  1470 | D:5      | Found a transporter.
  1474 | D:5      | Found a transporter.
  1474 | D:5      | Noticed ghwc's ghost (novice MfAK)
  1483 | D:5      | Learned a level 4 spell: Iskenderun's Mystic Blast
  1512 | D:5      | Reached skill level 7 in Fighting
  1530 | D:5      | Slain by ghwc's ghost

Illustrated notes

Levels and vault maps discovered:
D:1:      lordsloth_arrival_two_stooges, layout_loops_ring, grunt_decor_cap
D:2:      layout_loops_corners, shapermc_ecumenical_altar_hornbeckon,
          basic_altar
D:3:      layout_rooms, kiku_gazebo_garden_becter, grunt_temple_overflow_open,
          minivault_5, uniq_crazy_yiuf_cottage
D:4:      layout_layer_cave
D:5:      layout_loops_ring, gammafunk_ghost_hive, uniq_pikel

Skill      XL: |  1  2  3  4  5  6  7  8 |
---------------+-------------------------+-----
Conjurations   | 5 6 |  6.0
Spellcasting   | 3 4 6 |  6.0
Fighting       | 5 6 7 |  7.6
Dodging        | |  2.4
Stealth        | |  1.4

Action                   |  1- 3 |  4- 6 |  7- 9 || total
-------------------------+-------+-------+-------++-------
Melee: Unarmed           |    20 |     5 |     5 ||    30
 Cast: Magic Dart        |    40 |     4 |    13 ||    57
       Searing Ray       |     4 |     9 |    13 ||    26
       Iskenderun's Myst |       |       |     1 ||     1
Armor: Robe              |    14 |     3 |     5 ||    22
       Skin              |       |     2 |       ||     2
Dodge: Dodged            |    23 |     7 |    23 ||    53
